[Event "December 5 Early 2023"]
[Site "https://www.chess.com"]
[Date "2023.12.05"]
[Round "2"]
[White "Devaev, Alexander"]
[Black "Pakleza, Zbigniew"]
[Result "1-0"]
[Board "89"]
[TimeControl "180+1"]
[WhiteFideId "4169395"]
[BlackFideId "1119290"]
[WhiteElo "2500"]
[BlackElo "2721"]
[WhiteTeam "RUS"]
[BlackTeam "POL"]
[WhiteClock "0:00:24"]
[BlackClock "0:00:03"]

1. d4 d6 2. c4 e5 3. d5 f5 4. Nc3 Nf6 5. e4 fxe4 6. Nge2 Nbd7 7. Ng3 Nc5 8. Be3 Nd3+ 9. Bxd3 exd3 10. Qxd3 Be7 11. Nf5 O-O 12. Nxe7+ Qxe7 13. O-O b6 14. Rae1 Ng4 15. Bc1 Bf5 16. Qg3 Nf6 17. b3 Qf7 18. Bb2 a6 19. Qg5 Bd3 20. Ne2 b5 21. Qc1 Qh5 22. f3 bxc4 23. bxc4 Qh4 24. f4 e4 25. h3 Rab8 26. Bd4 Rb1 27. Qc3 Rxe1 28. Rxe1 Bxc4 29. Bf2 Qh5 30. Qxc4 Qxd5 31. Qxc7 Qd2 32. Qc3 Qxa2 33. Qa1 Qc4 34. Bd4 d5 35. Ng3 Ne8 36. Nh5 g6 37. Nf6+ Nxf6 38. Bxf6 Qc7 39. Be5 Qd7 40. Qd4 Rc8 41. Rxe4 Re8 42. Re1 Qe6 43. Ra1 h5 44. Kh2 Rf8 45. Qd3 g5 46. Rxa6 Qf5 47. Rg6+ Kh7 48. Qxf5 Rxf5 49. Rxg5 Rxg5 50. fxg5 Kg6 51. h4 Kf5 52. Bd4 1-0

[Event "December 5 Early 2023"]
[Site "https://www.chess.com"]
[Date "2023.12.05"]
[Round "2"]
[White "Zou, Chen"]
[Black "Mendoza, Rodrigo"]
[Result "1-0"]
[Board "90"]
[TimeControl "180+1"]
[WhiteFideId "8610959"]
[BlackFideId "3301931"]
[WhiteElo "2719"]
[BlackElo "2491"]
[WhiteTeam "CHN"]
[BlackTeam "BOL"]
[WhiteClock "0:01:49"]
[BlackClock "0:00:32"]

1. e4 c6 2. d3 d5 3. Qe2 Nf6 4. Nf3 Bg4 5. Nbd2 e6 6. h3 Bh5 7. g4 Bg6 8. Ne5 Qc7 9. Nxg6 hxg6 10. Bg2 Be7 11. a3 Nbd7 12. b4 Qe5 13. Rb1 O-O-O 14. b5 c5 15. Bb2 Qf4 16. e5 Nh7 17. Nf3 Ng5 18. Ng1 d4 19. Bc1 Qxe5 20. Qxe5 Nxe5 21. f4 1-0

[Event "December 5 Early 2023"]
[Site "https://www.chess.com"]
[Date "2023.12.05"]
[Round "2"]
[White "Pourramezanali, Amirreza"]
[Black "Kukreja Sankalp"]
[Result "1-0"]
[Board "91"]
[TimeControl "180+1"]
[WhiteFideId "12511412"]
[BlackFideId "45027676"]
[WhiteElo "2718"]
[BlackElo "2448"]
[WhiteTeam "IRI"]
[BlackTeam "IND"]
[WhiteClock "0:01:47"]
[BlackClock "0:00:34"]

1. e4 c5 2. c3 d5 3. exd5 Qxd5 4. d4 Nc6 5. Nf3 cxd4 6. cxd4 e5 7. Nc3 Bb4 8. Bd2 Bxc3 9. Bxc3 e4 10. Ne5 Nxe5 11. dxe5 Ne7 12. Qa4+ Bd7 13. Qa3 Qe6 14. Rd1 O-O 15. Be2 Bc6 16. O-O Nd5 17. Bc4 Rfd8 18. Qc5 Rac8 19. Bxd5 Bxd5 20. Qxa7 Qg4 21. Qe3 Bxa2 22. h3 Qg6 23. Rfe1 Bd5 24. Rd4 Bc6 25. Red1 Re8 26. Rd6 Qf5 27. e6 Rxe6 28. Qg3 f6 29. Rxe6 Qxe6 30. Rd6 Qf5 31. Rxf6 Qd7 32. Rf4 Re8 33. Bxg7 1-0

[Event "December 5 Early 2023"]
[Site "https://www.chess.com"]
[Date "2023.12.05"]
[Round "2"]
[White "Rosh Jain"]
[Black "Mamedov, Edgar"]
[Result "0-1"]
[Board "92"]
[TimeControl "180+1"]
[WhiteFideId "25789465"]
[BlackFideId "13739980"]
[WhiteElo "2441"]
[BlackElo "2716"]
[WhiteTeam "IND"]
[BlackTeam "KAZ"]
[WhiteClock "0:00:20"]
[BlackClock "0:00:22"]

1. e4 c5 2. Nf3 e6 3. d4 cxd4 4. Nxd4 Nf6 5. Bd3 Nc6 6. Nxc6 bxc6 7. Nc3 d5 8. exd5 cxd5 9. Bf4 Be7 10. O-O O-O 11. Nb5 Bd7 12. Nd4 Qb6 13. Nb3 a5 14. a4 Rfc8 15. Be3 Qb7 16. Qd2 Bb4 17. Qe2 e5 18. c3 Bf8 19. Bb5 Be6 20. Bg5 Ne4 21. Bh4 d4 22. Nd2 Nxd2 23. Qxd2 Bd5 24. f3 Bc4 25. Bxc4 Rxc4 26. Bf2 dxc3 27. bxc3 Rac8 28. Rac1 Rxa4 29. Rfe1 e4 30. fxe4 Rxe4 31. Rxe4 Qxe4 32. Ra1 a4 33. Qd4 Qxd4 34. cxd4 a3 35. g3 Rc2 36. Kg2 a2 37. Kf3 g5 38. Be3 Bb4 39. Ke4 Bc3 40. Kd3 Bxa1 41. Kxc2 Bc3 42. Kxc3 a1=Q+ 43. Kd3 Qd1+ 44. Ke4 Qg4+ 45. Kd3 Qf5+ 46. Ke2 Qe4 47. Kf2 g4 48. Ke2 Qc2+ 49. Ke1 Qxh2 50. Bf4 Qg2 51. Kd1 Qe4 52. Be5 f6 53. Bf4 Qxd4+ 54. Ke2 h5 55. Kf1 h4 56. Be3 Qxe3 57. Kg2 Qxg3+ 58. Kh1 Qf3+ 59. Kg1 h3 60. Kh2 Qg2# 0-1

[Event "December 5 Early 2023"]
[Site "https://www.chess.com"]
[Date "2023.12.05"]
[Round "2"]
[White "Kozak, Antoni"]
[Black "Kozelov, Roman"]
[Result "1-0"]
[Board "93"]
[TimeControl "180+1"]
[WhiteFideId "21832030"]
[BlackFideId "14133377"]
[WhiteElo "2716"]
[BlackElo "2440"]
[WhiteTeam "POL"]
[BlackTeam "UKR"]
[WhiteClock "0:00:36"]
[BlackClock "0:00:25"]

1. e4 e6 2. Nf3 d5 3. Nc3 dxe4 4. Nxe4 Nd7 5. g3 Ngf6 6. Nxf6+ Nxf6 7. Bg2 Bd6 8. O-O O-O 9. d4 Rb8 10. c4 b5 11. c5 Be7 12. Ne5 Bb7 13. c6 Ba6 14. Bg5 b4 15. Re1 Bc8 16. Rc1 h6 17. Be3 Nd5 18. Qa4 a6 19. Bf1 Ra8 20. Bd3 Bf6 21. Bb1 Bxe5 22. dxe5 Nxe3 23. Rxe3 a5 24. Qc2 g6 25. h4 h5 26. Rf3 Ba6 27. Rf6 Qe7 28. g4 Rad8 29. Qe4 Rd5 30. gxh5 Rfd8 31. hxg6 Rd1+ 32. Rxd1 Rxd1+ 33. Kh2 Rxb1 34. Qxb1 Qc5 35. Qe4 Bd3 36. gxf7+ Kf8 37. Qf4 1-0

[Event "December 5 Early 2023"]
[Site "https://www.chess.com"]
[Date "2023.12.05"]
[Round "2"]
[White "Latorre, Vincent"]
[Black "Boyer, Mahel"]
[Result "1-0"]
[Board "94"]
[TimeControl "180+1"]
[WhiteFideId "2636891"]
[BlackFideId "45102422"]
[WhiteElo "2428"]
[BlackElo "2713"]
[WhiteTeam "CAN"]
[BlackTeam "FRA"]
[WhiteClock "0:00:05"]
[BlackClock "0:00:00"]

1. e4 Nc6 2. d4 d5 3. e5 Bf5 4. Nf3 e6 5. Be2 f6 6. O-O fxe5 7. dxe5 Bc5 8. Nbd2 Nge7 9. Nb3 Bb6 10. a4 a6 11. a5 Ba7 12. c3 O-O 13. Nbd4 Qe8 14. Be3 Nxd4 15. Nxd4 Ng6 16. f4 Be4 17. Qd2 Nh4 18. Nf3 Bxf3 19. Bxf3 Bxe3+ 20. Qxe3 Qg6 21. Kh1 Rad8 22. Rad1 h5 23. g3 Nf5 24. Qe2 h4 25. Bh5 Qh6 26. g4 Ne7 27. g5 Qh7 28. Qg4 Qe4+ 29. Qf3 Nf5 30. Qxe4 dxe4 31. Rxd8 Rxd8 32. Rd1 Rxd1+ 33. Bxd1 h3 34. Bg4 e3 35. Kg1 e2 36. Bxe2 Ne3 37. Kf2 Nd5 38. Kg3 g6 39. Bc4 Ne3 40. Bxe6+ Kg7 41. Bxh3 Nc4 42. b4 Nd2 43. Bg2 c6 44. Kg4 Nb1 45. f5 gxf5+ 46. Kxf5 Nxc3 47. e6 Ne2 48. Ke5 Nc3 49. Kd6 Nb5+ 50. Kd7 1-0

[Event "December 5 Early 2023"]
[Site "https://www.chess.com"]
[Date "2023.12.05"]
[Round "2"]
[White "Todorovic, Bojan"]
[Black "Novozhilov, Semen"]
[Result "1-0"]
[Board "95"]
[TimeControl "180+1"]
[WhiteFideId "917087"]
[BlackFideId "24289167"]
[WhiteElo "2419"]
[BlackElo "2709"]
[WhiteTeam "SRB"]
[BlackTeam "RUS"]
[WhiteClock "0:00:07"]
[BlackClock "0:00:11"]

1. Nf3 Nf6 2. c4 c5 3. g3 b6 4. Bg2 Bb7 5. O-O e6 6. Nc3 Be7 7. d4 cxd4 8. Qxd4 a6 9. Rd1 O-O 10. Bg5 d6 11. Bxf6 gxf6 12. Qf4 Nd7 13. Nh4 Bxg2 14. Nxg2 Kg7 15. Qg4+ Kh8 16. Qh5 f5 17. Nf4 Qc7 18. Rac1 Bf6 19. b3 Ne5 20. Nd3 Ng6 21. e3 Rfd8 22. Ne2 Qb7 23. Nef4 a5 24. Qh6 a4 25. Nh5 Qe7 26. Nxf6 Qxf6 27. Nf4 Qg7 28. Qg5 Ne5 29. Qxg7+ Kxg7 30. Kg2 Kf6 31. Nd3 axb3 32. axb3 Nc6 33. Nf4 Ra3 34. Rd3 Na5 35. b4 Rxd3 36. Nxd3 Nc6 37. Ra1 e5 38. Ra6 Rb8 39. c5 e4 40. Nf4 Nxb4 41. Rxb6 Rxb6 42. cxb6 Ke5 43. b7 Nc6 44. Kh3 d5 45. Kh4 d4 46. exd4+ Kxd4 47. Kg5 Ke5 48. Kh6 Kd6 49. Kxh7 Kc7 50. Kg7 Ne5 51. Kf6 Ng4+ 52. Kxf5 Nxf2 53. h4 e3 54. h5 Nh3 55. Ne2 f6 56. h6 Ng5 57. Kxf6 Nh7+ 58. Kg7 Ng5 59. h7 1-0

[Event "December 5 Early 2023"]
[Site "https://www.chess.com"]
[Date "2023.12.05"]
[Round "2"]
[White "Herman, Daniel"]
[Black "Krysa, Leandro"]
[Result "0-1"]
[Board "96"]
[TimeControl "180+1"]
[WhiteFideId "30935008"]
[BlackFideId "116807"]
[WhiteElo "2411"]
[BlackElo "2707"]
[WhiteTeam "USA"]
[BlackTeam "ARG"]
[WhiteClock "0:00:49"]
[BlackClock "0:01:55"]

1. c4 c5 2. Nc3 g6 3. g3 Bg7 4. Bg2 Nc6 5. e3 Bxc3 6. dxc3 d6 7. e4 Qd7 8. Ne2 h5 9. h4 b6 10. Be3 Bb7 11. f4 Nf6 12. Qd2 Ng4 13. Bg1 O-O-O 14. O-O-O f5 15. exf5 gxf5 16. Kb1 Na5 17. Nc1 Nxc4 18. Qe2 Bxg2 19. Qxg2 Qb7 20. Qxb7+ Kxb7 21. b3 Na5 22. c4 Rhg8 23. Ne2 Rg7 24. Rd3 Rdg8 25. Be3 Nc6 26. Bc1 Nf2 27. Rhd1 Nxd1 28. Rxd1 Nd4 0-1

[Event "December 5 Early 2023"]
[Site "https://www.chess.com"]
[Date "2023.12.05"]
[Round "2"]
[White "Arabidze, Meri"]
[Black "Sai Han Thiha"]
[Result "1-0"]
[Board "97"]
[TimeControl "180+1"]
[WhiteFideId "13604040"]
[BlackFideId "13012290"]
[WhiteElo "2706"]
[BlackElo "2408"]
[WhiteTeam "GEO"]
[BlackTeam "MYA"]
[WhiteClock "0:01:05"]
[BlackClock "0:00:05"]

1. b3 d5 2. Bb2 Nf6 3. Nf3 Bf5 4. e3 e6 5. Bd3 Bd6 6. Bxf5 exf5 7. Nc3 c6 8. Ne2 Nbd7 9. Ng3 g6 10. d3 Qe7 11. a3 f4 12. Nf1 Ne5 13. Nxe5 Bxe5 14. Bxe5 Qxe5 15. d4 Qe6 16. Qf3 fxe3 17. Qxe3 Kd7 18. Qxe6+ Kxe6 19. Ne3 Rae8 20. f3 Nh5 21. Kf2 Kd6 22. c4 Nf4 23. Rhd1 Re7 24. Rac1 Rhe8 25. Rc3 f6 26. h4 h5 27. Re1 Re6 28. g3 dxc4 29. bxc4 g5 30. gxf4 gxf4 31. Nf5+ Kd7 32. Rxe6 Kxe6 33. Ng7+ 1-0

[Event "December 5 Early 2023"]
[Site "https://www.chess.com"]
[Date "2023.12.05"]
[Round "2"]
[White "Paltrinieri, Nicholas"]
[Black "Carre, Sylvain"]
[Result "1-0"]
[Board "98"]
[TimeControl "180+1"]
[WhiteFideId "828262"]
[BlackFideId "642118"]
[WhiteElo "2704"]
[BlackElo "2391"]
[WhiteTeam "ITA"]
[BlackTeam "FRA"]
[WhiteClock "0:01:06"]
[BlackClock "0:00:02"]

1. d4 d5 2. Bf4 Nf6 3. e3 c5 4. c3 Nc6 5. Nd2 Qb6 6. Qb3 c4 7. Qxb6 axb6 8. a3 b5 9. Rc1 Bf5 10. Ngf3 h6 11. Be2 e6 12. O-O Kd7 13. Rfe1 Bd6 14. Bd1 Bd3 15. Bc2 Bxc2 16. Rxc2 Rhf8 17. Bxd6 Kxd6 18. e4 dxe4 19. Nxe4+ Nxe4 20. Rxe4 Ne7 21. Rce2 Nd5 22. g3 Rfc8 23. Re1 Rc7 24. Kg2 b4 25. axb4 Ra2 26. R4e2 b5 27. h4 Rca7 28. Rd2 Ra1 29. Rde2 Rxe1 30. Rxe1 Ra2 31. Rb1 f6 32. Kf1 Nb6 33. Nd2 Na4 34. Ne4+ Kd5 35. Nc5 Rxb2 36. Re1 Nxc5 37. dxc5 e5 38. g4 Rd2 39. Re3 e4 40. Kg2 Rd3 41. Kg3 g6 42. h5 gxh5 43. gxh5 Ke5 44. Kg2 f5 45. Kf1 f4 46. Rxd3 cxd3 47. Ke1 e3 48. f3 Kd5 49. Kd1 Kc6 50. Kc1 Kd7 51. Kd1 Kc7 52. Ke1 Kc6 53. Kd1 Kd5 54. Ke1 Kc4 55. c6 Kxc3 56. c7 d2+ 57. Ke2 Kxb4 58. c8=Q 1-0

[Event "December 5 Early 2023"]
[Site "https://www.chess.com"]
[Date "2023.12.05"]
[Round "2"]
[White "Bolat, Inayat"]
[Black "Wu, Derek"]
[Result "1-0"]
[Board "99"]
[TimeControl "180+1"]
[WhiteFideId "13733125"]
[BlackFideId "30914558"]
[WhiteElo "2388"]
[BlackElo "2702"]
[WhiteTeam "KAZ"]
[BlackTeam "USA"]
[WhiteClock "0:00:24"]
[BlackClock "0:00:08"]

1. e4 e6 2. d4 d5 3. Nc3 Nf6 4. Bg5 Be7 5. e5 Nfd7 6. Bxe7 Qxe7 7. f4 a6 8. Nf3 c5 9. Bd3 Nc6 10. O-O b5 11. a3 Bb7 12. Qe1 cxd4 13. Ne2 Nc5 14. Nexd4 Nxd4 15. Nxd4 Rc8 16. Rc1 O-O 17. Qg3 f5 18. Qh3 Ne4 19. c3 Kh8 20. g4 fxg4 21. Qxg4 Nc5 22. Rf3 Qf7 23. Rcf1 Rce8 24. Bc2 Ne4 25. f5 Nd2 26. fxe6 Nxf3+ 27. Rxf3 Qg8 28. Bxh7 Qxh7 29. Rh3 Re7 30. Rxh7+ Kxh7 31. Qh4+ Kg8 32. Qxe7 1-0

[Event "December 5 Early 2023"]
[Site "https://www.chess.com"]
[Date "2023.12.05"]
[Round "2"]
[White "Hambleton, Aman"]
[Black "Ovezdurdyyeva, Jemal"]
[Result "1-0"]
[Board "100"]
[TimeControl "180+1"]
[WhiteFideId "2606577"]
[BlackFideId "14001888"]
[WhiteElo "2702"]
[BlackElo "2384"]
[WhiteTeam "CAN"]
[BlackTeam "TKM"]
[WhiteClock "0:02:52"]
[BlackClock "0:01:56"]

1. d4 Nf6 2. Bf4 d5 3. e3 e6 4. Nf3 Bd6 5. Nbd2 O-O 6. Bd3 c5 7. c3 Nc6 8. Bg3 Qe7 9. Ne5 Nd7 10. Nxd7 Bxd7 11. Bxd6 Qxd6 12. dxc5 Qxc5 13. Bxh7+ Kxh7 14. Qh5+ Kg8 15. Ne4 Qc4 16. Ng5 Qd3 17. e4 1-0

[Event "December 5 Early 2023"]
[Site "https://www.chess.com"]
[Date "2023.12.05"]
[Round "2"]
[White "Manon-og, Ramon Jr."]
[Black "Hua, Lefong"]
[Result "0-1"]
[Board "101"]
[TimeControl "180+1"]
[WhiteFideId "5200776"]
[BlackFideId "2602253"]
[WhiteElo "2381"]
[BlackElo "2702"]
[WhiteTeam "PHI"]
[BlackTeam "CAN"]
[WhiteClock "0:00:00"]
[BlackClock "0:00:50"]

1. e4 c5 2. Nf3 g6 3. c3 Nc6 4. d4 d5 5. e5 cxd4 6. cxd4 Bg4 7. Be2 Qb6 8. Nc3 e6 9. Qa4 Bxf3 10. Bxf3 Qxd4 11. Qb5 Qxe5+ 12. Kf1 Qc7 13. Bxd5 Ne7 14. Bf3 Bg7 15. Be3 O-O 16. Rc1 Nf5 17. Bc5 Rfd8 18. g3 Nfd4 19. Bxd4 Nxd4 20. Qxb7 Qc4+ 21. Kg2 Rab8 22. Qxa7 Nxf3 23. Kxf3 Rxb2 24. Ne4 Rd3+ 25. Kf4 Bh6+ 26. Kg4 Qxe4+ 27. Kh3 Qf5+ 28. Kg2 Qe4+ 29. Kh3 Bxc1 30. Rxc1 Qf5+ 31. Kg2 Rdd2 32. Rf1 Rxa2 33. Qb8+ Kg7 0-1

[Event "December 5 Early 2023"]
[Site "https://www.chess.com"]
[Date "2023.12.05"]
[Round "2"]
[White "Garrido, Denis"]
[Black "Williams, Simon K"]
[Result "0-1"]
[Board "102"]
[TimeControl "180+1"]
[WhiteFideId "601217"]
[BlackFideId "404454"]
[WhiteElo "2380"]
[BlackElo "2697"]
[WhiteTeam "FRA"]
[BlackTeam "ENG"]
[WhiteClock "0:00:55"]
[BlackClock "0:01:30"]

1. d4 e6 2. e4 d5 3. e5 c5 4. c3 Nc6 5. Nf3 Bd7 6. Be2 f6 7. O-O fxe5 8. Nxe5 Nxe5 9. dxe5 Qc7 10. Re1 O-O-O 11. Bf1 Nh6 12. a4 Nf7 13. Na3 c4 14. Nb5 Bxb5 15. axb5 Bc5 16. Be3 Kb8 17. Bd4 Bxd4 18. Qxd4 Qb6 19. Qxb6 axb6 20. g3 g5 21. Bh3 Rhe8 22. Ra4 h5 23. Rea1 g4 24. Bg2 Nxe5 25. Re1 Nd3 26. Re2 e5 27. Ra1 e4 28. Bf1 Kc7 29. Rd2 Ra8 30. Rxa8 Rxa8 31. Kg2 Ra1 32. Bxd3 cxd3 33. h3 Kd6 34. hxg4 hxg4 35. f4 gxf3+ 36. Kf2 Rh1 37. Ke3 Re1+ 38. Kf4 Re2 39. Rd1 f2 0-1

[Event "December 5 Early 2023"]
[Site "https://www.chess.com"]
[Date "2023.12.05"]
[Round "2"]
[White "Csonka, Balazs"]
[Black "Buchenau, Frank"]
[Result "1-0"]
[Board "103"]
[TimeControl "180+1"]
[WhiteFideId "742910"]
[BlackFideId "4604350"]
[WhiteElo "2692"]
[BlackElo "2370"]
[WhiteTeam "HUN"]
[BlackTeam "GER"]
[WhiteClock "0:00:05"]
[BlackClock "0:00:08"]

1. d4 e6 2. c4 Nf6 3. g3 d5 4. Nf3 Bb4+ 5. Nbd2 O-O 6. Bg2 Be7 7. O-O c5 8. cxd5 Nxd5 9. dxc5 Na6 10. c6 bxc6 11. a3 Nc5 12. Qc2 a5 13. Rd1 a4 14. e4 Nf6 15. Nc4 Bd7 16. Nfe5 Qc7 17. Bf4 Qa7 18. Rxd7 Ncxd7 19. Nxc6 Qc5 20. Nxe7+ Qxe7 21. Bd6 Qd8 22. Bxf8 Nxf8 23. Rd1 Qc7 24. e5 Nd5 25. Ne3 Qxe5 26. Nxd5 exd5 27. Bxd5 Ra5 28. Bf3 Rb5 29. Qxa4 Rxb2 30. Qd4 Qb8 31. Kg2 Ne6 32. Qe3 Rb3 33. Rd3 Rxd3 34. Qxd3 Nc5 35. Qc4 Ne6 36. a4 g6 37. a5 Nc7 38. a6 Qa7 39. Bb7 Qb6 40. Qd3 Ne6 41. Qe3 h5 42. Qxb6 1-0

[Event "December 5 Early 2023"]
[Site "https://www.chess.com"]
[Date "2023.12.05"]
[Round "2"]
[White "Spichkin, Alexander"]
[Black "Makhnev, Denis"]
[Result "1/2-1/2"]
[Board "104"]
[TimeControl "180+1"]
[WhiteFideId "4144074"]
[BlackFideId "13707647"]
[WhiteElo "2356"]
[BlackElo "2691"]
[WhiteTeam "RUS"]
[BlackTeam "KAZ"]
[WhiteClock "0:01:40"]
[BlackClock "0:00:47"]

1. f4 Nf6 2. Nf3 g6 3. d3 Bg7 4. e4 O-O 5. Be2 c5 6. O-O Nc6 7. Nc3 Rb8 8. a4 a6 9. Qe1 b5 10. axb5 axb5 11. Qh4 b4 12. Nd1 d6 13. Ne3 Nd4 14. Bd1 Bd7 15. f5 Ra8 16. Rxa8 Qxa8 17. Nc4 Bb5 18. Nxd4 cxd4 19. fxg6 hxg6 20. b3 Bxc4 21. bxc4 Qa5 22. Bg5 Rb8 23. Bd2 Qc5 24. h3 Bf8 25. Qf2 Bg7 26. g4 Rf8 27. Qh4 Ra8 28. Qf2 Rf8 29. Qe1 Rb8 30. Qf2 Rf8 1/2-1/2

[Event "December 5 Early 2023"]
[Site "https://www.chess.com"]
[Date "2023.12.05"]
[Round "2"]
[White "Nigalidze, Gaioz"]
[Black "Skibbe, Willi"]
[Result "1-0"]
[Board "105"]
[TimeControl "180+1"]
[WhiteFideId "13603078"]
[BlackFideId "4682190"]
[WhiteElo "2690"]
[BlackElo "2318"]
[WhiteTeam "GEO"]
[BlackTeam "GER"]
[WhiteClock "0:01:56"]
[BlackClock "0:00:00"]

1. e4 e6 2. Nf3 d5 3. Nc3 Nf6 4. exd5 exd5 5. d4 c5 6. dxc5 Bxc5 7. Be2 O-O 8. O-O Nc6 9. Bg5 Be6 10. Nb5 h6 11. Bh4 g5 12. Bg3 Ne4 13. c3 f5 14. Nfd4 Nxd4 15. cxd4 Bb6 16. Be5 a6 17. Na3 f4 18. Nc2 Qd7 19. Ne1 g4 20. f3 gxf3 21. Nxf3 Ng5 22. Rc1 Rae8 23. Qb3 Ba7 24. Rc7 Nxf3+ 25. Bxf3 Qd8 26. Rg7+ 1-0

[Event "December 5 Early 2023"]
[Site "https://www.chess.com"]
[Date "2023.12.05"]
[Round "2"]
[White "YurasovMat-2012"]
[Black "Souleidis, Georgios"]
[Result "1-0"]
[Board "106"]
[TimeControl "180+1"]
[BlackFideId "4206827"]
[WhiteElo "2312"]
[BlackElo "2682"]
[BlackTeam "GRE"]
[WhiteClock "0:01:11"]
[BlackClock "0:00:00"]

1. e4 c5 2. Nf3 e6 3. d3 d5 4. Nbd2 Nc6 5. g3 Nf6 6. Bg2 Be7 7. O-O O-O 8. Qe2 h6 9. Rd1 b5 10. b3 a5 11. Bb2 a4 12. bxa4 bxa4 13. a3 Rb8 14. Rab1 Ba6 15. exd5 exd5 16. Ne5 Nxe5 17. Bxe5 Rxb1 18. Rxb1 Re8 19. Qf3 Qa5 20. c3 d4 21. Nc4 Bxc4 22. dxc4 dxc3 23. Bxc3 Qc7 24. Re1 Rd8 25. h3 Kf8 26. Rb1 Rb8 27. Rd1 Rd8 28. Re1 Qd7 29. Kh2 Qd3 30. Qb7 Qd7 31. Qb2 Kg8 32. Qe2 Kf8 33. Bf3 Re8 34. Rd1 Qc8 35. Qc2 Rd8 36. Rb1 Qd7 37. Bg2 Qd3 38. Qxd3 Rxd3 39. Rb8+ Rd8 40. Rb7 Ne8 41. Ra7 Rd3 42. Be5 f6 43. Bf4 g5 44. Be3 Rxa3 45. Ra8 Kf7 46. Bd5+ 1-0

[Event "December 5 Early 2023"]
[Site "https://www.chess.com"]
[Date "2023.12.05"]
[Round "2"]
[White "Sarkar, Justin"]
[Black "Volkov, Maksim"]
[Result "0-1"]
[Board "107"]
[TimeControl "180+1"]
[WhiteFideId "2010011"]
[BlackFideId "54123070"]
[WhiteElo "2296"]
[BlackElo "2679"]
[WhiteTeam "USA"]
[BlackTeam "RUS"]
[WhiteClock "0:00:00"]
[BlackClock "0:01:23"]

1. e4 c5 2. Ne2 d6 3. d4 cxd4 4. Nxd4 Nf6 5. Nc3 a6 6. Be3 e5 7. Nb3 Be7 8. Be2 Be6 9. Nd5 Nxd5 10. exd5 Bf5 11. c4 O-O 12. O-O Nd7 13. f4 exf4 14. Bxf4 Bg6 15. Bd3 Re8 16. Bxg6 hxg6 17. Kh1 Rc8 18. Rc1 Nf6 19. Qd3 Qd7 20. Nd4 Nh5 21. Bd2 Bf6 22. b3 Qg4 23. Nf3 Nf4 24. Bxf4 Qxf4 25. Rce1 Rxe1 26. Rxe1 g5 27. g3 Qg4 28. Kg2 b5 29. cxb5 axb5 30. Qxb5 Rc3 31. Qe8+ Kh7 32. Qe2 Qf5 33. Rd1 g4 0-1

[Event "December 5 Early 2023"]
[Site "https://www.chess.com"]
[Date "2023.12.05"]
[Round "2"]
[White "Borawski, Jakub"]
[Black "Mgeladze, Tamaz"]
[Result "0-1"]
[Board "108"]
[TimeControl "180+1"]
[WhiteFideId "1143000"]
[BlackFideId "13601202"]
[WhiteElo "2228"]
[BlackElo "2672"]
[WhiteTeam "POL"]
[BlackTeam "GEO"]
[WhiteClock "0:00:15"]
[BlackClock "0:00:29"]

1. e4 c5 2. Nf3 g6 3. d4 cxd4 4. Nxd4 Nc6 5. Nc3 Bg7 6. Nde2 Nf6 7. g3 h5 8. Bg5 h4 9. Bxh4 Rxh4 10. gxh4 d6 11. Bg2 Qb6 12. Qd2 Qxb2 13. Rb1 Qa3 14. Nb5 Qxa2 15. Nec3 Qa5 16. Nd5 Qxd2+ 17. Kxd2 Kd8 18. c3 Be6 19. Nbc7 Rb8 20. Nxe6+ fxe6 21. Nf4 Bh6 22. e5 Bxf4+ 23. Ke2 Nxe5 24. Rxb7 Rxb7 25. Bxb7 Kc7 26. Bg2 d5 27. Rb1 Bxh2 28. Bh3 Nh5 29. Rh1 Bf4 30. Bxe6 Kd6 31. Bc8 Nc4 32. Ra1 a5 33. Ba6 Be5 34. Bxc4 dxc4 35. Rxa5 Bxc3 36. Rg5 Bf6 37. Rg4 c3 38. Kd3 Ke6 39. f3 Kf5 40. Kc2 Nf4 41. Rg1 Ne6 42. Rg4 Nd4+ 43. Kd3 Nxf3 0-1

[Event "December 5 Early 2023"]
[Site "https://www.chess.com"]
[Date "2023.12.05"]
[Round "2"]
[White "Nagare Kaivalya Sandip"]
[Black "Mishra, Manoj"]
[Result "1-0"]
[Board "109"]
[TimeControl "180+1"]
[WhiteFideId "25957929"]
[BlackFideId "5006007"]
[WhiteElo "2668"]
[BlackElo "2223"]
[WhiteTeam "IND"]
[BlackTeam "IND"]
[WhiteClock "0:02:13"]
[BlackClock "0:00:32"]

1. e4 d6 2. d4 e5 3. Nc3 Nd7 4. Nf3 Ngf6 5. Bc4 Be7 6. d5 h6 7. a4 g5 8. a5 Nf8 9. a6 Ng6 10. axb7 Bxb7 11. Bb5+ Kf8 12. Ba6 Qc8 13. Bxb7 Qxb7 14. Qe2 Nf4 15. Qf1 Rg8 16. g3 Ng6 17. Qa6 Qb4 18. Ra4 Qb8 19. h4 gxh4 20. Bxh6+ Ke8 21. Qc6+ Kd8 22. Ng5 Qxb2 23. Qxa8+ Kd7 24. Qc6+ Kc8 25. Rxa7 Qc1+ 26. Nd1 1-0

[Event "December 5 Early 2023"]
[Site "https://www.chess.com"]
[Date "2023.12.05"]
[Round "2"]
[White "Petrukhina, Olga"]
[Black "Shandrygin, Nikita"]
[Result "1/2-1/2"]
[Board "110"]
[TimeControl "180+1"]
[WhiteFideId "13703935"]
[BlackFideId "24198668"]
[WhiteElo "2223"]
[BlackElo "2667"]
[WhiteTeam "KAZ"]
[BlackTeam "RUS"]
[WhiteClock "0:00:03"]
[BlackClock "0:00:04"]

1. d4 d5 2. c4 Nc6 3. Nf3 Bg4 4. Nc3 e6 5. Bf4 Nf6 6. e3 Bd6 7. Bg3 O-O 8. a3 e5 9. cxd5 exd4 10. dxc6 dxc3 11. bxc3 bxc6 12. Be2 Qe7 13. Bxd6 cxd6 14. O-O Rab8 15. Nd4 Bd7 16. Bf3 c5 17. Ne2 Rfd8 18. Nf4 Be6 19. Nd5 Bxd5 20. Bxd5 Qe5 21. c4 Nxd5 22. cxd5 Rb7 23. Qd3 Rdb8 24. Rad1 Rb6 25. Rfe1 g6 26. e4 Qb2 27. e5 dxe5 28. d6 Rd8 29. d7 Qb5 30. Qd5 c4 31. Qxe5 Qxe5 32. Rxe5 Rxd7 33. Rc1 Rc7 34. Re3 Kg7 35. Rec3 Rbc6 36. f3 Kf6 37. Kf2 Ke5 38. Ke3 Kd5 39. Rd1+ Kc5 40. Rdc1 Kb5 41. Rb1+ Ka5 42. Kd4 Rd7+ 43. Ke3 Rdc7 44. Kd4 Rd6+ 45. Ke3 Rb6 46. Rbc1 Kb5 47. Kd4 Rd6+ 48. Ke3 a5 49. Rb1+ Ka4 50. Rbc1 Rdc6 51. Kd4 f6 52. Kd5 Rc5+ 53. Kd4 g5 54. g3 h5 55. h3 Rc8 56. Ke3 f5 57. f4 g4 58. hxg4 hxg4 59. Kd4 R5c7 60. Ke5 Rc5+ 61. Ke6 R8c6+ 62. Kd7 Kb5 63. Rb1+ Ka6 64. Rbc1 Kb7 65. Rb1+ Ka7 66. Rbc1 Kb7 67. Rb1+ Rb6 68. Rbc1 Rbc6 1/2-1/2

[Event "December 5 Early 2023"]
[Site "https://www.chess.com"]
[Date "2023.12.05"]
[Round "2"]
[White "Wieczorek, Zbigniew"]
[Black "Goryachkina, Aleksandra"]
[Result "0-1"]
[Board "111"]
[TimeControl "180+1"]
[WhiteFideId "1102001"]
[BlackFideId "4147103"]
[WhiteElo "2199"]
[BlackElo "2662"]
[WhiteTeam "POL"]
[BlackTeam "FID"]
[WhiteClock "0:00:00"]
[BlackClock "0:00:34"]

1. Nf3 Nf6 2. c4 c5 3. Nc3 Nc6 4. e3 g6 5. a3 Bg7 6. d3 O-O 7. Be2 d5 8. cxd5 Nxd5 9. Bd2 b6 10. Rc1 Bb7 11. O-O Rc8 12. Nxd5 Qxd5 13. b4 Rfd8 14. bxc5 bxc5 15. Qc2 Ne5 16. Bc3 Nxd3 17. Bxd3 Qxd3 18. Qb2 Bxc3 19. Qxb7 Bf6 20. Qxa7 c4 21. Nd4 c3 22. Rfd1 Qc4 23. Qa5 e5 24. Nf3 Rxd1+ 25. Rxd1 Qb3 26. Rc1 Qb2 27. Rf1 c2 0-1

[Event "December 5 Early 2023"]
[Site "https://www.chess.com"]
[Date "2023.12.05"]
[Round "2"]
[White "Shyam, Sundar M."]
[Black "Travadon, Loic"]
[Result "1-0"]
[Board "112"]
[TimeControl "180+1"]
[WhiteFideId "5019141"]
[BlackFideId "26092131"]
[WhiteElo "2661"]
[BlackElo "2167"]
[WhiteTeam "IND"]
[BlackTeam "FRA"]
[WhiteClock "0:02:29"]
[BlackClock "0:00:21"]

1. e4 e5 2. Nf3 Nc6 3. Bb5 a6 4. Ba4 Nf6 5. d3 b5 6. Bb3 Bc5 7. Nc3 d6 8. a3 O-O 9. Bg5 h6 10. Bh4 Be6 11. Nd5 Bxd5 12. Bxd5 Qd7 13. Bxf6 gxf6 14. Nh4 Nd4 15. c3 Ne6 16. Nf5 Kh7 17. Qh5 1-0